 Dungeon Crawl Stone Soup version 0.24.1-1-gd1d2a07e1b (webtiles) character file.

Game seed: 13347545923033508726, levelgen mode: deterministic

81 Peloso the Shield-Bearer (level 4, -22/41 HPs)
             Began as a Minotaur Fighter on Apr 8, 2020.
             Engulfed by a cloud of flame (26 damage)
             ... on level 4 of the Dungeon.
             The game lasted 00:02:14 (796 turns).

Peloso the Shield-Bearer (Minotaur Fighter)          Turns: 796, Time: 00:02:14

Health: -22/41     AC:  7    Str: 20    XL:     4   Next: 20%
Magic:  3/3        EV:  7    Int:  5    God:
Gold:   82         SH: 10    Dex: 13    Spells: 3/3 levels left

rFire    . . .     SeeInvis .   a - +0 long sword
rCold    . . .     Gourm    .   c - +0 shield
rNeg     . . .     Faith    .   b - +0 scale mail
rPois    .         Spirit   .   (helmet restricted)
rElec    .         Reflect  .   (no cloak)
rCorr    .         Harm     .   (no gloves)
MR       .....                  (no boots)
Stlth    ..........             (no amulet)
HPRegen  0.13/turn              (no ring)
MPRegen  0.08/turn              (no ring)

@: no status effects
A: retaliatory headbutt, horns 2, rugged brown scales 1, slimy green scales 1,
agile 1, deformed body
a: no special abilities


You were on level 4 of the Dungeon.
You were not hungry.

You visited 1 branch of the dungeon, and saw 4 of its levels.

You collected 82 gold pieces.

Inventory:

Hand Weapons
 a - a +0 long sword (weapon)
 g - a +1 war axe of flaming
Armour
 b - a +0 scale mail (worn)
 c - a +0 shield (worn)
Jewellery
 j - an uncursed amulet of faith {unknown}
Scrolls
 e - a scroll of random uselessness {unknown}
 h - 2 scrolls of teleportation {unknown}
 k - 3 scrolls of identify {unknown}
 l - 2 scrolls of fog {unknown}
Potions
 d - 3 potions of might
Comestibles
 f - 4 rations


   Skills:
 + Level 4.2 Fighting
 + Level 3.2 Long Blades
 + Level 4.4 Armour
 + Level 0.3 Dodging
 + Level 4.5 Shields


You had 3 spell levels left.
You didn't know any spells.
Your spell library contained the following spells:

 Spells                   Type           Power        Failure   Level  Hunger
 Animate Skeleton         Necr           N/A          99%         1    ##.....
 Apportation              Tloc           #.....       99%         1    ##.....
 Confusing Touch          Hex            #.....       99%         1    ##.....
 Summon Small Mammal      Summ           #...         99%         1    ##.....


Dungeon Overview and Level Annotations

Branches:
Dungeon (4/15)
 Temple: D:4-7

Altars:
Vehumet


Innate Abilities, Weirdness & Mutations

You reflexively headbutt those who attack you in melee.
You have a pair of horns on your head.
You are partially covered in rugged brown scales. (AC +1, +3% HP)
You are partially covered in slimy green scales. (AC +2)
You are agile. (Dex +2)
Armour fits poorly on your strangely shaped body.


Message History

The hound bites you but does no damage.
You slash the hound!
You kill the hound!
Your Long Blades skill increases to level 3!
You have reached level 4!
You feel agile.
Really walk into a travel-excluded area?
The worker ant barely misses you.
You see here a hound corpse.
A worker ant is nearby!
You are engulfed in blazing flames.
You block the worker ant's attack.
You see here 5 javelins.
Unknown command.
You are engulfed in blazing flames.
* * * LOW HITPOINT WARNING * * *
You block the worker ant's attack.
Unknown command.
You are engulfed in blazing flames.
Ouch! That really hurt!
You die...

########.#
........#
#.......#
#.......#
##.......#
#.##....§#..#
#......§....#.#
###☼._@a#$##.#
#.....§☼...##.#
#.##.....†..#.#
####.##..#.#
#........#.#
#.####.#.#.# #
#..(.#.#.#
#.#......# #
#......#


You could see a worker ant.

Vanquished Creatures
  A hound (D:4)
  An adder (D:2)
  A dart slug (D:1)
  An orc (D:3)
  A giant cockroach (D:1)
  6 goblins
  10 hobgoblins
  7 jackals
  3 bats
  3 frilled lizards
  A kobold (D:2)
  2 rats
37 creatures vanquished.

Notes
Turn   | Place    | Note
-------+----------+-------------------------------------------
     0 | D:1      | Peloso the Minotaur Fighter began the quest for the Orb.
     0 | D:1      | Reached XP level 1. HP: 19/19 MP: 0/0
   118 | D:1      | Reached XP level 2. HP: 26/27 MP: 1/1
   607 | D:2      | Reached XP level 3. HP: 23/33 MP: 2/2
   720 | D:2      | Gained mutation: Armour fits poorly on your strangely
                  | shaped body. [potion of mutation]
   720 | D:2      | Gained mutation: You are partially covered in rugged brown
                  | scales. (AC +1, +3% HP) [potion of mutation]
   720 | D:2      | Gained mutation: You are agile. (Dex +2) [potion of
                  | mutation]
   720 | D:2      | Gained mutation: You are partially covered in slimy green
                  | scales. (AC +2) [potion of mutation]
   788 | D:4      | Found a radiant altar of Vehumet.
   791 | D:4      | Reached XP level 4. HP: 35/41 MP: 3/3
   796 | D:4      | Engulfed by a cloud of flame

Levels and vault maps discovered:
D:1:      scummos_arrival_forest, layout_loops_cross
D:2:      layout_basic
D:3:      layout_rooms, kennysheep_generic_room_6
D:4:      cheibrodos_pilgrimage, layout_basic, eat_drink_and_be_merry_uskayaw,
          fiery_altar_vehumet, okawaru_altar_gauntlet_db

Skill      XL: |  1  2  3 |
---------------+----------+-----
Shields        | 4 |  4.5
Armour         | 4 |  4.4
Fighting       | 4 |  4.2
Long Blades    | 3 |  3.2
Dodging        | |  0.3

Action                   |  1- 3 |  4- 6 || total
-------------------------+-------+-------++-------
Melee: Long sword        |    71 |       ||    71
       Headbutt          |    11 |       ||    11
  Use: Potion            |     3 |       ||     3
Armor: Scale mail        |    35 |       ||    35
Dodge: Dodged            |    28 |     1 ||    29
Block: Shield            |    38 |     2 ||    40
       Rpst.: Long sword |     7 |       ||     7
